 Dungeon Crawl Stone Soup version 0.30.1-11-g7821555f0a (webtiles) character file.

Game seed: 12736590058953836381

478 Peloso the Slasher (level 6, 0/53 HPs)
             Began as a Minotaur Fighter on Nov 25, 2023.
             Slain by a sky beast (6 damage)
             ... on level 5 of the Dungeon.
             The game lasted 00:07:05 (2793 turns).

Peloso the Slasher (Minotaur Fighter)               Turns: 2793, Time: 00:07:06

Health: 0/53       AC:  7    Str: 21    XL:     6   Next: 85%
Magic:  5/5        EV:  7    Int:  5    God:
Gold:   219        SH: 12    Dex: 11    Spells: 5/5 levels left

rFire   . . .        a - +0 long sword
rCold   . . .        d - +0 tower shield
rNeg    . . .        b - +0 scale mail
rPois   .            (helmet restricted)
rElec   .            (no cloak)
rCorr   .            (no gloves)
SInv    .            (no boots)
Will    .....        (no amulet) Stlth
                     (no ring)
HPRegen 0.28/turn    (no ring)
MPRegen 0.09/turn

%: no passive effects
@: no status effects
A: horns 2, retaliatory headbutt
a: no special abilities


You were on level 5 of the Dungeon.
You visited 1 branch of the dungeon, and saw 5 of its levels.

You collected 219 gold pieces.

Inventory:

Hand Weapons
 a - a +0 long sword (weapon)
Armour
 b - a +0 scale mail (worn)
 d - a +0 tower shield (worn)
Magical Staves
 c - a staff of fire
Wands
 i - a wand of mindburst (19)
Scrolls
 e - a scroll of butterflies
 h - a scroll of fear
Potions
 f - a potion of cancellation
 j - 2 potions of brilliance
 o - 2 potions of mutation {unknown}


   Skills:
 + Level 4.7 Fighting
 + Level 5.7 Long Blades
 + Level 5.6 Armour
 + Level 2.1 Dodging
 + Level 0.5 Stealth
 + Level 4.7 Shields


You had 5 spell levels left.
You didn't know any spells.
Your spell library contained the following spells:

 Spells                   Type           Power      Damage    Failure   Level
 Lesser Beckoning         Tloc           0%         N/A       100%        2
 Gell's Gravitas          Tloc           0%         N/A       100%        3
 Teleport Other           Tloc           0%         N/A       100%        3


Dungeon Overview and Level Annotations

Branches:
Dungeon (5/15)             Temple (0/1) D:5

Altars:
Gozag
Wu Jian

Shops:
D:1 [


Innate Abilities, Weirdness & Mutations

You have a pair of horns on your head.
You reflexively headbutt those who attack you in melee.


Message History

The hound bites you.
You closely miss the hound.
The hound is moderately wounded.
You block the hound's attack. Something hits you but does no damage.
You block the hound's attack.
Unknown command.
You barely miss the hound.
The hound is moderately wounded.
The hound barely misses you. Something hits you but does no damage.
The hound closely misses you. Something hits you but does no damage.
Unknown command.
You closely miss the hound. You headbutt the hound!
You kill the hound!
Something hits you but does no damage.
Your Dodging skill increases to level 2!
Unknown command.
You barely miss something. Your headbutt misses something.
Something hits you but does no damage. x2
You barely miss something. Something hits you. Something shocks you.
* * * LOW HITPOINT WARNING * * *
You slash something!
A sky beast appears from thin air!
Reactivating autopickup.
The sky beast barely misses you. You block the sky beast's attack.
You closely miss the sky beast.
The sky beast is moderately wounded.
The sky beast flickers out of sight!
Deactivating autopickup; reactivate with Ctrl-A.
Something hits you but does no damage.
You miss something.
You feel a little less mighty now. Something hits you.
* * * LOW HITPOINT WARNING * * *
Something shocks you.
* * * LOW HITPOINT WARNING * * *
You slash something! Your headbutt misses something.
You block something's attack. x2
You hit something. Something hits you.
* * * LOW HITPOINT WARNING * * *
Something shocks you.
You die...

,,,,,,,,,,................####***
,,,,,,,,,°○..°°○☼.°○...☼..#*~~~~~
,,,,,,,,,°.°°.°°...○°☼.○..#*~****
,,,,,,,,,☼.☼..☼○°○....○...#~~~~~~
,,,,,,,,,°°..☼.○°.☼°.°....#******
,,,,,,,,,......°○.☼..○°...#∩**~~~
,,,,,,,,,☼°..○○☼..°○...○..#~~~~*~
,,,,,,,,,.☼.°○.☼○.°°○.....#*****~
,,,,,,,,,.°.....@.○°°.°...#~~~~~~
,,,,,,,,,......°.{....○☼..#******
,,,,,,,,,.○..○°°☼○..°°....# *,
,,,,,,,,,.°.○.○°..○..°○...# *,
,,,,,,,,,..°○°○○..☼.......#*****,
,,,,,,,,,.°○.°☼°°...☼☼....,,,,,,,
,,,,,,,,,..○°○☼....○.....,,******
,,,,,,,,,........○...°.○,,,*
,,,,,,,,,,,,,,,,,,,,,,,>,,,***


There were no monsters in sight!

Vanquished Creatures
  An ice beast (D:5)
  A gnoll sergeant (D:5)
  A jelly (D:5)
  2 hounds (D:5)
  Natasha (thrice) (D:4)
  Robin (D:3)
  3 gnolls (D:5)
  4 adders
  2 white imps
  A worm (D:5)
  2 dart slugs
  An orc (D:4)
  7 endoplasms
  A giant cockroach (D:2)
  13 goblins
  8 hobgoblins
  3 kobolds
  4 quokkas
  7 ball pythons
  3 bats
  3 frilled lizards
  4 rats (D:1)
75 creatures vanquished.

Notes
Turn   | Place    | Note
-------+----------+-------------------------------------------
     0 | D:1      | Peloso the Minotaur Fighter began the quest for the Orb.
     0 | D:1      | Reached XP level 1. HP: 19/19 MP: 0/0
     4 | D:1      | Found Byahoink's Antique Armour Shoppe.
   178 | D:1      | Reached XP level 2. HP: 23/27 MP: 1/1
   599 | D:2      | You fall into a shaft and drop 1 floor!
   608 | D:3      | Reached XP level 3. HP: 33/33 MP: 2/2
   785 | D:3      | Found an ornate altar of the Wu Jian Council.
   845 | D:3      | Found an opulent altar of Gozag.
  1117 | D:3      | Found a faded altar of an unknown god.
  1650 | D:2      | Reached XP level 4. HP: 36/40 MP: 3/3
  2264 | D:4      | Noticed Natasha
  2269 | D:4      | Killed Natasha
  2289 | D:4      | Identified the +2 helmet "Roboet" {rC+ Int+5}
  2289 | D:4      | Noticed Robin
  2308 | D:4      | Noticed Natasha
  2371 | D:4      | Killed Natasha
  2372 | D:4      | Reached XP level 5. HP: 30/47 MP: 4/4
  2383 | D:4      | Noticed Natasha
  2393 | D:4      | Killed Natasha
  2530 | D:3      | Killed Robin
  2707 | D:5      | Entered Level 5 of the Dungeon
  2712 | D:5      | Reached skill level 5 in Long Blades
  2712 | D:5      | Reached skill level 5 in Armour
  2712 | D:5      | Reached skill level 1 in Dodging
  2729 | D:5      | Noticed an ice beast
  2746 | D:5      | Killed an ice beast
  2747 | D:5      | Reached XP level 6. HP: 49/53 MP: 5/5
  2776 | D:5      | Noticed a sky beast
  2781 | D:5      | HP: 1/53 [something (6)]
  2793 | D:5      | Slain by a sky beast

Illustrated notes

Levels and vault maps discovered:
D:1:      lightli_arrival_maybe_door_vault, layout_rooms, serial_shops, shop
D:2:      layout_loops_cross
D:3:      layout_loops_ring, lemuel_doored_altar, nzn_wu_jian_council_hall,
          basic_ecumenical_altar
D:4:      layout_cave_pools, uniq_robin, uniq_natasha
D:5:      layout_basic, regret_index_temple_of_mockery,
          nicolae_qazlal_beasts_of_the_sky, temple_hall,
          lightli_sewer_entry_pipes, gup_ossuary_entry_pyramid

Skill      XL: |  1  2  3  4  5  6 |
---------------+-------------------+-----
Long Blades    | 3 4 5 |  5.7
Fighting       | 4 |  4.7
Armour         | 4 5 |  5.6
Shields        | 4 |  4.7
Dodging        | 1 2 |  2.1
Stealth        | |  0.5

Action                     |  1- 3 |  4- 6 || total
---------------------------+-------+-------++-------
  Melee: Long sword        |    84 |    92 ||   176
         Headbutt          |    15 |    13 ||    28
    Use: Scroll            |     5 |     8 ||    13
         Potion            |       |     3 ||     3
 Armour: Scale mail        |    36 |    46 ||    82
  Dodge: Dodged            |    40 |    37 ||    77
  Block: Buckler           |    16 |     6 ||    22
         Tower shield      |       |    47 ||    47
